 Dungeon Crawl Stone Soup version 0.20.1-1-g8b1a95d (webtiles) character file.

330 Gremour the Cleaver (level 6, -6/51 HPs)
             Began as a Hill Orc Fighter on Dec 3, 2017.
             Killed from afar by IjonTichy1's ghost (7 damage)
             ... with a magic dart
             ... on level 4 of the Dungeon.
             The game lasted 00:13:11 (2370 turns).

Gremour the Cleaver (Hill Orc Fighter)              Turns: 2370, Time: 00:13:11

Health: -6/51      AC:  6    Str: 21 (24) XL:     6   Next: 51%
Magic:  6/6        EV:  9    Int:  8      God:
Gold:   93         SH:  9    Dex: 12      Spells: 5/5 levels left

rFire    . . .     SeeInvis .   a - +0 war axe
rCold    . . .     Gourm    .   c - +0 shield
rNeg     . . .     Faith    .   b - +0 scale mail
rPois    .         Spirit   .   (no helmet)
rElec    .         Reflect  .   (no cloak)
rCorr    .         Harm     .   (no gloves)
MR       .....                  (no boots)
Stlth    +.........             n - amulet of rage
Regen    0.2/turn               p - +2 ring of evasion
MPRegen  0.1/turn               e - ring of stealth

@: mighty
A: no striking features
a: Evoke Berserk Rage


You were on level 4 of the Dungeon.
You were not hungry.

You visited 1 branch of the dungeon, and saw 4 of its levels.

You collected 93 gold pieces.

Inventory:

Hand Weapons
 a - a +0 war axe (weapon)
Armour
 b - a +0 scale mail (worn)
 c - a +0 shield (worn)
Jewellery
 e - a ring of stealth (right hand)
 n - an amulet of rage (around neck)
 p - a +2 ring of evasion (left hand)
Wands
 m - a wand of random effects (39/48)
 q - a wand of flame (14/48)
Scrolls
 i - 3 scrolls of fog {unknown}
 j - 2 scrolls of immolation {unknown}
 k - 4 scrolls of remove curse {unknown}
 r - a scroll of enchant armour {unknown}
 s - a scroll of recharging {unknown}
 t - a scroll of fear {unknown}
 u - 2 scrolls of identify {unknown}
Potions
 d - a potion of might
 h - a potion of resistance
Comestibles
 f - 4 bread rations
 g - 7 fruits
 l - 3 chunks of flesh
 o - a meat ration
 v - a royal jelly


   Skills:
 - Level 3.6 Fighting
 + Level 8.7 Axes
 - Level 3.2 Armour
 - Level 3.2 Shields
 + Level 0.6 Evocations


You had 5 spell levels left.
You didn't know any spells.

Dungeon Overview and Level Annotations

Branches:
Dungeon (4/15)
 Temple: D:4-7

Altars:
Nemelex Xobeh

Annotations:
D:4 IjonTichy1's ghost, amateur DgWz


Message History

IjonTichy1's ghost casts a spell at you.
The magic dart hits you!
* * * LOW HITPOINT WARNING * * *
You closely miss IjonTichy1's ghost.
IjonTichy1's ghost is almost destroyed.
IjonTichy1's ghost hits you but does no damage.
IjonTichy1's ghost points at you and mumbles some strange words.
The magic dart hits you!
* * * LOW HITPOINT WARNING * * *
You closely miss IjonTichy1's ghost.
IjonTichy1's ghost is almost destroyed.
IjonTichy1's ghost hits you!
* * * LOW HITPOINT WARNING * * *
IjonTichy1's ghost hits you.
* * * LOW HITPOINT WARNING * * *
Your shield prevents you from hitting IjonTichy1's ghost.
IjonTichy1's ghost is almost destroyed.
IjonTichy1's ghost points at you and mumbles some strange words.
The magic dart hits you!
You die...

#.## #..### #....
#...##.# #.
##+#....#.# #.#.
#.......#.# #####.#.
#...†...#.# #.....#.
#....#..#.# #.....#.
+..@W#..#.###.....#.
#....#..#...........
#....#....#######.#.
#....#......#.....<.
#....###..#.###.#...
#....# #..#.....#.#.
####.# #..#######(..
.# #.>. ###. ..##.
#.


You could see IjonTichy1's ghost.

Vanquished Creatures
  Duvessa (D:4)
  Dowan (D:4)
  The ghost of IjonTichy1 the Magician, a weakling TeWz (D:3)
  An orc priest (D:3)
  3 adders
  An adder skeleton (D:4)
  4 worms
  A leopard gecko (D:2)
  6 orcs (D:3)
  5 giant cockroaches
  5 goblins
  4 hobgoblins
  10 jackals
  2 quokkas
  2 bats
  6 frilled lizards
  5 kobolds
  A quokka skeleton (D:3)
  2 rats
61 creatures vanquished.

Notes
Turn   | Place    | Note
-------+----------+-------------------------------------------
     0 | D:1      | Gremour the Hill Orc Fighter began the quest for the Orb.
     0 | D:1      | Reached XP level 1. HP: 19/19 MP: 1/1
    71 | D:1      | Reached skill level 3 in Axes
   115 | D:1      | Reached XP level 2. HP: 23/26 MP: 2/2
   255 | D:1      | Reached skill level 4 in Axes
   487 | D:2      | Reached XP level 3. HP: 31/31 MP: 3/3
   671 | D:2      | Reached skill level 5 in Axes
   837 | D:2      | Reached XP level 4. HP: 37/39 MP: 4/4
  1594 | D:3      | Noticed IjonTichy1's ghost (weakling TeWz)
  1605 | D:3      | Killed IjonTichy1's ghost
  1605 | D:3      | Reached skill level 6 in Axes
  1623 | D:3      | Found a sparkling altar of Nemelex Xobeh.
  1704 | D:3      | Reached XP level 5. HP: 40/45 MP: 5/5
  2085 | D:3      | Reached skill level 7 in Axes
  2259 | D:4      | Noticed Duvessa
  2259 | D:4      | Noticed Dowan
  2271 | D:4      | Killed Duvessa
  2271 | D:4      | Reached skill level 8 in Axes
  2271 | D:4      | Reached XP level 6. HP: 38/51 MP: 6/6
  2274 | D:4      | Killed Dowan
  2350 | D:4      | Noticed IjonTichy1's ghost (amateur DgWz)
  2369 | D:4      | HP: 1/51 [IjonTichy1's ghost (5)]
  2370 | D:4      | Killed from afar by IjonTichy1's ghost

Skill      XL: |  1  2  3  4  5 |
---------------+----------------+-----
Axes           | 3 4 5 6 8 |  8.7
Fighting       | |  3.6
Armour         | |  3.2
Shields        | |  3.2
Evocations     | |  0.6

Action                   |  1- 3 |  4- 6 || total
-------------------------+-------+-------++-------
Melee: War axe           |    95 |   122 ||   217
 Abil: Evoke Berserk Rag |       |     1 ||     1
  Use: Potion            |       |     7 ||     7
  Eat: Chunk             |       |     6 ||     6
Armor: Scale mail        |    41 |    36 ||    77
Dodge: Dodged            |    34 |    40 ||    74
Block: Shield            |    44 |    52 ||    96
